 Dungeon Crawl Stone Soup version 0.31-a0-329-g52107efa6a (webtiles) character file.

Game seed: 18099280075911280558

13337 AdnanSaban the Basher (level 12, -8/76 HPs)
             Began as a Gargoyle Fighter on July 19, 2023.
             Was an Elder of Okawaru.
             Killed from afar by Erica (13 damage)
             ... with a lance of force
             ... on level 11 of the Dungeon.
             The game lasted 00:24:49 (13653 turns).

AdnanSaban the Basher (Gargoyle Fighter)           Turns: 13653, Time: 00:24:50

Health: -8/76      AC: 30    Str: 31    XL:     12   Next: 5%
Magic:  12/12      EV: 11    Int:  9    God:    Okawaru [****..]
Gold:   0          SH:  8    Dex:  9    Spells: 11/11 levels left

rFire   + . .        M - +2 flail (protect)
rCold   . . .        T - +3 buckler "Qennanuo" {rF+ Str+3 Stlth+}
rNeg    + . .        b - +0 scale mail
rPois   ∞            s - +0 helmet
rElec   +            W - +0 cloak
rCorr   .            S - +1 pair of gloves {Str+3}
SInv    .            k - +0 pair of boots
Will    +....        (no amulet)
Stlth   +            I - ring of flight
HPRegen 0.32/turn    V - ring of willpower
MPRegen 0.13/turn

%: no passive effects
@: spiked, under a protective aura, flying
A: sickness immunity, AC +8, negative energy resistance 1, electricity
resistance, torment resistance 1, petrification resistance
a: Renounce Religion, Heroism, Finesse


You were on level 11 of the Dungeon.
You worshipped Okawaru.
Okawaru was greatly pleased with you.
You visited 2 branches of the dungeon, and saw 12 of its levels.
You also visited: Sewer and Ossuary.

Inventory:

Hand Weapons
 M - a +2 flail of protection (weapon)
Missiles
 B - 5 throwing nets
 D - a silver javelin
Armour
 b - a +0 scale mail (worn)
 k - a +0 pair of boots (worn)
 s - a +0 helmet (worn)
 S - a +1 pair of gloves of strength (worn)
 T - the +3 buckler "Qennanuo" (worn) {rF+ Str+3 Stlth+}
   (You found it on level 4 of the Dungeon)

   Str:       It affects your strength (+3).
   rF:        It protects you from fire.
   Stlth:     It makes you more stealthy.
 W - a +0 cloak (worn)
Jewellery
 I - a ring of flight (left hand)
 J - a ring of wizardry
 Q - an amulet of faith
 V - a ring of willpower (right hand)
Wands
 v - a wand of polymorph (3)
 C - a wand of charming (34)
 L - a wand of flame (18)
 N - a wand of digging (10)
 U - a wand of mindburst (2)
Scrolls
 a - 3 scrolls of immolation {unknown}
 e - 2 scrolls of fog {unknown}
 f - 2 scrolls of enchant weapon {unknown}
 i - 5 scrolls of noise {unknown}
 j - 15 scrolls of identify {unknown}
 l - 2 scrolls of poison {unknown}
 m - 2 scrolls of revelation {unknown}
 o - 3 scrolls of fear {unknown}
 q - 13 scrolls of teleportation {unknown}
 t - 2 scrolls of blinking {unknown}
 w - a scroll of enchant armour {unknown}
 y - 3 scrolls of vulnerability {unknown}
 G - 2 scrolls of amnesia {unknown}
 K - a scroll of brand weapon {unknown}
 O - a scroll of summoning {unknown}
Potions
 d - 4 potions of might
 g - 3 potions of haste {unknown}
 h - 5 potions of curing
 n - 5 potions of brilliance {unknown}
 p - 6 potions of heal wounds {unknown}
 r - 5 potions of degeneration {unknown}
 u - 3 potions of berserk rage {unknown}
 x - 2 potions of resistance {unknown}
 z - 2 potions of invisibility {unknown}
 A - 2 potions of magic {unknown}
 E - 2 potions of enlightenment {unknown}
 F - 2 potions of mutation {unknown}
 H - a potion of attraction {unknown}
 P - a potion of lignification {unknown}
 R - a potion of ambrosia {unknown}


   Skills:
 + Level 9.1 Fighting
 + Level 12.3 Maces & Flails
 + Level 9.1 Armour
 - Level 5.4 Dodging
 + Level 8.9 Shields


You had 11 spell levels left.
You didn't know any spells.
Your spell library contained the following spells:

 Spells                   Type           Power      Damage    Failure   Level
 Apportation              Tloc           0%         N/A       63%         1
 Necrotise                Necr           0%         1d4       63%         1
 Blink                    Tloc           0%         N/A       77%         2
 Ensorcelled Hibernation  Hex/Ice        0%         N/A       77%         2
 Lesser Beckoning         Tloc           0%         N/A       77%         2
 Gell's Gravitas          Tloc           0%         N/A       94%         3
 Teleport Other           Tloc           0%         N/A       94%         3
 Anguish                  Hex/Necr       0%         N/A       100%        4
 Manifold Assault         Tloc           0%         N/A       100%        4
 Borgnjor's Vile Clutch   Necr/Erth      0%         N/A       100%        5
 Lee's Rapid Deconstruct  Erth           0%         3d4*      100%        5
 Summon Small Mammal      Summ           Unusable   N/A       N/A         1
 Animate Armour           Summ/Erth      Unusable   N/A       N/A         4
 Animate Dead             Necr           Unusable   N/A       N/A         4
 Summon Lightning Spire   Summ/Air       Unusable   N/A       N/A         4
 Death Channel            Necr           Unusable   N/A       N/A         6

Dungeon Overview and Level Annotations

Branches:
Dungeon (11/15)            Temple (1/1) D:4            Lair (0/5) D:9
  Sewer (visited)         Ossuary (visited)
    Orc: D:9-12

Altars:
Ashenzari
Cheibriados
Dithmenos
Elyvilon
Fedhas
Gozag
Hepliaklqana
Kikubaaqudgha
Makhleb
Nemelex Xobeh
Okawaru
Qazlal
Ru
Sif Muna
Trog
Uskayaw
Vehumet
Wu Jian
Xom
Yredelemnul
Zin
The Shining One

Shops:
D:2 =[   D:6 [   D:7 [   D:8 [

Annotations:
D:11 Erica, Maurice


Innate Abilities, Weirdness & Mutations

You are immune to sickness and miasma.
Your stone body is resilient. (AC +8)
You are immune to poison.
You resist negative energy. (rN+)
You are resistant to electric shocks. (rElec)
You are resistant to unholy torment.
You are immune to petrification.


Message History

The volley of spikes hits you.
The barbed spikes become lodged in your body.
* * * LOW HITPOINT WARNING * * *
You thump the brown ugly thing!
Your weapon exudes an aura of protection.
The brown ugly thing is lightly wounded.
The brown ugly thing bites you but does no damage.
You closely miss the brown ugly thing.
The brown ugly thing is lightly wounded.
The brown ugly thing bites you but does no damage.
You sock the brown ugly thing!
The brown ugly thing is moderately wounded.
Something hits you but does no damage.
You hit the brown ugly thing but do no damage.
The brown ugly thing is moderately wounded.
The brown ugly thing bites you!
* * * LOW HITPOINT WARNING * * *
You are splashed with acid.
* * * LOW HITPOINT WARNING * * *
The manticore flicks its tail.
The volley of spikes hits something!!
Something hits you but does no damage.
You barely miss the brown ugly thing.
The brown ugly thing is moderately wounded.
The brown ugly thing misses you.
The manticore flicks its tail.
The volley of spikes hits you but does no damage.
Something hits you but does no damage.
You feel better.
The brown ugly thing bites you but does no damage.
You block the yak's attack. Something hits you but does no damage.
You feel better. The brown ugly thing bites you.
* * * LOW HITPOINT WARNING * * *
You are splashed with acid.
* * * LOW HITPOINT WARNING * * *
The yak gores you!
* * * LOW HITPOINT WARNING * * *
You hear some strange, mumbled words.
A lance of force appears from out of thin air!
The lance of force hits you!
You die...

.......#.....#.....#.....#
......##....##.....'.....#
......##....##.....#.....#
...................#.....#
...................#.....#
...................##...##
...............H...##.)[##
.!............Y{YY....[.[#####
.............YYu@............####
########....#########....###.....
#....##..)..##....####'''#
#.....#.....)##...###≈.....
+.....#......##...##....... .
#.....#...<...'..##.....§.. .Y
#.....#.......#.##.....§§.. ...
#.....#.......###.....§§§≈≈ ....
#......###.....≈§###≈


You could see a brown ugly thing, a manticore and 5 yaks.

Vanquished Creatures
  A boulder beetle (D:11)
  2 two-headed ogres
  Nergalle (D:10)
  A kobold demonologist (D:10)
  2 trolls
  Grinder (D:6)
  A wyvern (D:8)
  11 yaks
  5 wraiths
  2 steam dragons
  3 vampire mosquitoes (D:10)
  Grum (D:10)
  Menkaure (D:5)
  Edmund (D:4)
  An acid dragon (D:7)
  4 water moccasins
  Duvessa (D:4)
  3 ice beasts
  4 orc warriors
  A sky beast (D:7)
  7 black bears
  4 centaurs
  2 wolves
  3 ogres
  3 phantoms
  3 kobold brigands
  Blork the orc (D:3)
  5 bullfrogs
  4 gnoll sergeants
  6 scorpions
  5 wights
  Dowan (D:4)
  21 killer bees
  A howler monkey (D:4)
  6 electric eels (D:9)
  A lava snake (D:11)
  2 hounds (D:6)
  3 jellies
  3 orc priests
  A gnoll bouda (D:8)
  2 iguanas
  A sleepcap (D:5)
  8 orc wizards
  2 mummies
  Robin (D:3)
  29 gnolls
  4 adders
  A river rat (Sewer)
  A white imp (D:7)
  3 worms
  A dart slug (D:5)
  22 orcs
  4 endoplasms
  4 giant cockroaches
  16 goblins
  11 hobgoblins
  3 jackals (D:4)
  2 quokkas
  17 ball pythons
  6 bats
  4 frilled lizards
  11 gnoll skeletons (Ossuary)
  2 hobgoblin zombies (D:4)
  30 kobolds
  3 kobold skeletons (Ossuary)
  A kobold zombie (D:4)
  11 orc skeletons (Ossuary)
  An orc zombie (D:4)
  24 rats
354 creatures vanquished.

Notes
Turn   | Place    | Note
-------+----------+-------------------------------------------
     0 | D:1      | AdnanSaban the Gargoyle Fighter began the quest for the
                  | Orb.
     0 | D:1      | Reached XP level 1. HP: 14/14 MP: 1/1
    98 | D:1      | Reached XP level 2. HP: 19/19 MP: 2/2
   559 | D:2      | Found Amujili's Jewellery Emporium.
   653 | D:2      | Reached XP level 3. HP: 23/23 MP: 3/3
   745 | D:2      | Found Eciph's Antique Armour Boutique.
  1201 | D:2      | Found a white marble altar of Elyvilon.
  1566 | D:3      | Reached XP level 4. HP: 28/29 MP: 4/4
  1570 | D:3      | Reached skill level 3 in Maces & Flails
  1913 | D:3      | Found a sparkling altar of Nemelex Xobeh.
  1952 | D:3      | Reached XP level 5. HP: 33/33 MP: 5/5
  1987 | D:3      | Noticed Robin
  2016 | D:3      | Killed Robin
  2108 | D:3      | Found a faded altar of an unknown god.
  2394 | D:4      | Noticed a black bear
  2406 | D:3      | Reached skill level 1 in Dodging
  2420 | D:3      | Killed a black bear
  2421 | D:3      | Reached skill level 4 in Maces & Flails
  2421 | D:3      | Reached XP level 6. HP: 16/38 MP: 6/6
  2507 | D:4      | Found a staircase to the Ecumenical Temple.
  2513 | Temple   | Entered the Ecumenical Temple
  2599 | D:4      | Found a shimmering altar of Xom.
  2670 | D:4      | Found a glowing drain.
  2676 | D:4      | Noticed Blork the orc
  2680 | Sewer    | Entered a sewer
  3284 | D:3      | Killed Blork the orc
  3285 | D:3      | Reached skill level 5 in Armour
  3285 | D:3      | Reached XP level 7. HP: 20/43 MP: 7/7
  3406 | D:4      | Reached skill level 5 in Maces & Flails
  3559 | D:4      | Noticed Edmund
  3656 | D:4      | HP: 1/44 [Edmund/+1 flail of protection (10)]
  3662 | D:4      | HP: 2/44 [Edmund/+1 flail of protection (1)]
  3845 | D:4      | Killed Edmund
  4032 | D:4      | Noticed Duvessa
  4032 | D:4      | Noticed Dowan
  4048 | D:4      | Killed Duvessa
  4049 | D:4      | Reached XP level 8. HP: 38/48 MP: 8/8
  4064 | D:4      | Killed Dowan
  4190 | D:4      | Identified the +3 buckler "Qennanuo" {rF+ Str+3 Stlth+}
  4658 | D:4      | Reached skill level 5 in Fighting
  4753 | D:4      | Found a broken altar of Ashenzari.
  4958 | D:5      | Entered Level 5 of the Dungeon
  5021 | D:5      | Reached skill level 6 in Maces & Flails
  5021 | D:5      | Reached skill level 5 in Shields
  5030 | D:5      | Found a sand-covered staircase.
  5053 | D:5      | Identified the +0 robe of the Skies Above {Int+6}
  5101 | Ossuary  | Entered an ossuary
  5101 | Ossuary  | Noticed a wraith
  5101 | Ossuary  | Noticed a wraith
  5101 | Ossuary  | Noticed a wraith
  5254 | Ossuary  | Noticed a wraith
  5275 | Ossuary  | Killed a wraith
  5449 | D:5      | Found an ancient bone altar of Kikubaaqudgha.
  5622 | D:5      | Noticed Menkaure
  5631 | D:5      | Killed Menkaure
  5632 | D:5      | Reached skill level 7 in Maces & Flails
  5995 | D:5      | Reached XP level 9. HP: 47/55 MP: 9/9
  6308 | D:6      | Found Wepimeoso's Armour Emporium.
  6359 | D:6      | Reached skill level 8 in Maces & Flails
  6665 | D:6      | Found a white marble altar of Elyvilon.
  7263 | D:6      | Reached skill level 9 in Maces & Flails
  7290 | D:6      | Noticed Grinder
  7311 | D:6      | Killed Grinder
  7371 | D:7      | Found a shimmering blue altar of Sif Muna.
  7419 | D:7      | Reached XP level 10. HP: 38/61 MP: 10/10
  7695 | D:7      | Found a radiant altar of Vehumet.
  7841 | D:7      | Found an opulent altar of Gozag.
  7851 | D:7      | Found a stormy altar of Qazlal.
  7889 | D:7      | Found a sacrificial altar of Ru.
  7935 | D:7      | Found a shadowy altar of Dithmenos.
  8078 | D:8      | Found Wise's Armour Shoppe.
  8142 | D:8      | Found an iron altar of Okawaru.
  8154 | D:8      | Became a worshipper of Warmaster Okawaru
  8299 | D:7      | Reached skill level 10 in Maces & Flails
  8639 | D:7      | Reached * piety under Okawaru
  9053 | D:8      | HP: 1/63 [gnoll/+0 spear[a gnoll sergeant] (3)]
  9785 | D:9      | Reached ** piety under Okawaru
  9819 | D:9      | Reached XP level 11. HP: 18/68 MP: 11/11
 10382 | D:9      | Reached skill level 11 in Maces & Flails
 10734 | D:9      | Reached *** piety under Okawaru
 11536 | D:9      | Found a staircase to the Lair.
 11584 | D:10     | Entered Level 10 of the Dungeon
 11676 | D:10     | Reached skill level 5 in Dodging
 11676 | D:10     | Noticed a sixfirhy
 11917 | D:10     | Found a glowing golden altar of the Shining One.
 12037 | D:10     | Noticed Nergalle
 12048 | D:10     | Killed Nergalle
 12096 | D:10     | Noticed a two-headed ogre
 12102 | D:10     | Killed a two-headed ogre
 12496 | D:11     | Noticed a boulder beetle
 12503 | D:11     | Noticed a two-headed ogre
 12747 | D:11     | Reached skill level 12 in Maces & Flails
 12757 | D:11     | Reached **** piety under Okawaru
 12848 | D:11     | Noticed Grum
 12848 | D:11     | Noticed a manticore
 12899 | D:10     | Killed Grum
 13094 | D:11     | Killed a boulder beetle
 13132 | D:11     | Noticed Maurice
 13484 | D:11     | Killed a two-headed ogre
 13485 | D:11     | Reached XP level 12. HP: 69/76 MP: 12/12
 13617 | D:11     | Noticed Erica
 13653 | D:11     | Killed from afar by Erica

Illustrated notes

Levels and vault maps discovered:
D:1:      matt_arrival_grand_opening, layout_rooms
D:2:      layout_basic, serial_shops, nicolae_shop_stone,
          nicolae_shop_gaudy_bauble, basic_altar
D:3:      layout_rooms, mainiacjoe_overflow_surrounded_room,
          hellmonk_ecumenical_altar_crossroads, minmay_shallow_snake_nest,
          uniq_robin
D:4:      layout_loops_corners, mainiacjoe_overflow_brackets,
          mainiacjoe_overflow_paths, minmay_temple_entry_hall,
          cheibrodos_sewer_entry_drain, minmay_misc_feat_more_columns,
          minmay_mini_ossuary, uniq_edmund, uniq_crazy_yiuf_cottage,
          uniq_blork_the_orc, uniq_duvessa
D:5:      layout_basic, kennysheep_mini_moat,
          nicolae_ossuary_entry_false_entrances, nicolae_hexahallways,
          uniq_menkaure
D:6:      layout_loops_corners, elyvilon_altar_5, serial_glass, glass_columns_a,
          glass_columns_b, glass_columns_b, glass_columns_a, glass_columns_a,
          glass_columns_b, serial_shops, nicolae_stop_n_shop_2, minivault_27,
          uniq_grinder
D:7:      layout_cave_pools, nicolae_vehumet_altar_sigil,
          nicolae_ru_great_annihilating_truth, nicolae_overflow_quartered_altars
D:8:      layout_rooms, okawaru_gym_becter, serial_shops, shop
D:9:      cheibrodos_two_vegetables, layout_loops_corners,
          grunt_lair_entry_orc_guard_hut, amcnicky_mini_pool_small
D:10:     layout_rooms, tso_metal_star, kennysheep_another_room, uniq_nergalle
D:11:     layout_gridville, kennysheep_donut, uniq_grum, uniq_erica,
          uniq_maurice
Temple:   nicolae_temple_figure_zero

Skill      XL: |  1  2  3  4  5  6  7  8  9 10 11 |
---------------+----------------------------------+-----
Maces & Flails | 3 4 5 7 9 10 12 | 12.3
Armour         | 4 5 6 7 8 9 |  9.1
Fighting       | 4 5 6 7 9 |  9.1
Dodging        | 1 2 3 4 5 |  5.4
Shields        | 4 5 6 7 8 |  8.9

Action                     |  1- 3 |  4- 6 |  7- 9 | 10-12 || total
---------------------------+-------+-------+-------+-------++-------
  Melee: Flail             |   111 |   321 |   441 |   814 ||  1687
    Use: Potion            |       |       |       |     4 ||     4
   Stab: Paralysed         |       |       |       |     1 ||     1
 Armour: Scale mail        |    89 |   275 |   313 |   544 ||  1221
  Dodge: Dodged            |    91 |   247 |   270 |   524 ||  1132
  Block: Buckler           |    25 |   119 |   126 |   325 ||   595

Table legend: (Time is in decaauts)
 A = Elapsed time spent in this place.
 B = Non-inter-level travel time spent in this place.
 C = Inter-level travel time spent in this place.
 D = Time resting spent in this place.
 E = Time spent auto-exploring this place.
 F = Levels seen in this place.
 G = Mean time per level.
                   A        B        C        D        E       F      G
               +--------+--------+--------+--------+--------+-----+--------+
         Total |  13737 |  13110 |    627 |   2171 |   7661 |  14 |  981.2 |
       Dungeon |  12904 |  12277 |    627 |   2171 |   7250 |  11 | 1173.1 |
        Temple |      1 |      1 |      0 |      0 |      0 |   1 |    1.0 |
         Sewer |    554 |    554 |      0 |      0 |    310 |   1 |  554.0 |
       Ossuary |    277 |    277 |      0 |      0 |    101 |   1 |  277.0 |
               +--------+--------+--------+--------+--------+-----+--------+

Top non-repeatable levels by time:
     D:9: 1738 daAuts
     D:4: 1723 daAuts
     D:7: 1553 daAuts
     D:3: 1302 daAuts
    D:10: 1271 daAuts
     D:5: 1123 daAuts
     D:6: 1098 daAuts
     D:2: 1058 daAuts
     D:8: 907 daAuts
    D:11: 619 daAuts
   Sewer: 554 daAuts
     D:1: 506 daAuts
 Ossuary: 277 daAuts
  Temple: 1 daAuts
